AoeStats
← My_Name_Is_Mimmox

Arabia

510622881Analyzed
2v2 RM · 2d ago on Oct 1, 2026· 32m 51s· 4 players
Game mode
Random Map
Map size
Medium (4 player)
Population
200
Speed
Normal
Resources
Standard
Victory
Conquest
Starting age
Dark Age
Ending age
Imperial Age
RankedLock teamsTeams togetherTeam positionsShared explorationLock speedFull tech treeHidden civsTurbo modeCheats
Victory
Defeat
🇬🇧 Slavs · United Kingdom
1568
+13
🇧🇷 Koreans · Brazil
1481
+17
🇮🇹 Armenians · Italy
1565
-17
🇮🇹 Maya · Italy
1448
-13
GAX | Soldado_Medeiros
6:44 Loom
9:20 Feudal Age
10:19 Double-Bit Axe
14:01 Fletching
21:35 Castle Age
19:49 Horse Collar
20:01 Gold Mining
21:37 Crossbowman
22:14 Bodkin Arrow
22:48 Bow Saw
24:02 Ballistics
25:28 Town Watch
29:21 Squires
30:11 Thumb Ring
31:35 Scale Mail Armor
Cicdolfin
7:04 Loom
9:31 Feudal Age
10:20 Double-Bit Axe
10:33 Horse Collar
21:46 Castle Age
20:18 Bloodlines
20:32 Scale Barding Armor
20:30 Gold Mining
21:32 Forging
22:44 Bow Saw
22:06 Light Cavalry
23:36 Stone Mining
24:18 Chain Barding Armor
31:25 Husbandry
32:02 Iron Casting
33:33 Wheelbarrow
My_Name_Is_Mimmox
6:51 Loom
9:17 Feudal Age
9:53 Double-Bit Axe
12:30 Horse Collar
19:47 Castle Age
19:36 Bloodlines
20:30 Scale Barding Armor
20:55 Gold Mining
27:33 Wheelbarrow
Monesi28
0:31 Loom
9:02 Feudal Age
13:58 Wheelbarrow
16:43 Fletching
22:08 Padded Archer Armor
25:21 Castle Age
23:16 Double-Bit Axe
23:16 Horse Collar
24:19 Padded Archer Armor
26:09 Bodkin Arrow
26:28 Crossbowman
27:10 Gold Mining
28:49 Leather Archer Armor
Connection lost

Rejoining the realm…

Still unreachable

The connection could not be restored.

Session expired

The server has moved on; the page needs a fresh start.